 Dungeon Crawl Stone Soup version 0.28-a0-586-gbdb9d174a4 (webtiles) character file.

Game seed: 6749898637340648898

6857 Gargoyl the Fighter (level 11, -10/87 HPs)
             Began as a Gnoll Abyssal Knight on Oct 3, 2021.
             Was an Elder of Lugonu.
             Mangled by an ogre (16 damage)
             ... on level 9 of the Dungeon.
             The game lasted 00:14:14 (12573 turns).

Gargoyl the Fighter (Gnoll Abyssal Knight)         Turns: 12573, Time: 00:14:14

Health: -10/87     AC: 12    Str: 15    XL:     11   Next: 6%
Magic:  19/19      EV:  6    Int: 11    God:    Lugonu [****..]
Gold:   401        SH:  0    Dex: 12    Spells: 21/21 levels left

rFire   . . .      SeeInvis .   l - +3 dagger (venom)
rCold   . . .      Faith    .   (no shield)
rNeg    + . .      Spirit   .   x - +0 plate armour
rPois   .          Reflect  .   e - +0 helmet
rElec   .          Harm     .   u - +0 cloak
rCorr   .          Rampage  .   C - +0 pair of gloves
Will    .....                   (no boots)
Stlth   ..........              (no amulet)
HPRegen 0.24/turn               c - ring of positive energy
MPRegen 0.16/turn               (no ring)

@: no status effects
A: fangs 1, strong nose, distributed training, deformed body, no potion heal 1
a: Renounce Religion, Depart the Abyss, Bend Space, Banish, Corrupt


You were on level 9 of the Dungeon.
You worshipped Lugonu.
Lugonu was greatly pleased with you.
You visited 1 branch of the dungeon, and saw 9 of its levels.
You visited the Abyss 2 times.

You collected 503 gold pieces.
You spent 102 gold pieces at shops.

Inventory:

Hand Weapons
 a - a +3 hand axe of freezing
 l - a +3 dagger of venom (weapon)
 s - a +1 scimitar of flaming
 D - a +3 spear
Missiles
 b - a throwing net
Armour
 e - a +0 helmet (worn)
 u - a +0 cloak (worn)
 x - a +0 plate armour (worn)
 C - a +0 pair of gloves (worn)
Jewellery
 c - a ring of positive energy (left hand)
Wands
 k - a wand of polymorph (4)
 r - a wand of flame (20)
 v - a wand of digging (6)
 y - a wand of iceblast (7)
 B - a wand of paralysis (10)
 E - a wand of acid (7)
Scrolls
 f - 2 scrolls of blinking
 n - a scroll of holy word
 t - 2 scrolls of fog
 A - a scroll of enchant weapon
 F - a scroll of identify
Potions
 d - 2 potions of ambrosia {unknown}
 g - 2 potions of curing
 h - 2 potions of lignification
 i - 2 potions of heal wounds {unknown}
 j - 2 potions of resistance {unknown}
 m - 2 potions of mutation {unknown}
 o - 2 potions of degeneration {unknown}
 p - a potion of magic {unknown}
 q - 2 potions of berserk rage {unknown}
 w - a potion of invisibility {unknown}
 z - a potion of brilliance {unknown}


   Skills:
 + Level 8.9 Fighting
 + Level 5.9 Short Blades
 + Level 5.9 Long Blades
 + Level 7.5 Axes
 + Level 5.9 Maces & Flails
 + Level 5.9 Polearms
 + Level 5.9 Staves
 + Level 5.9 Slings
 + Level 5.9 Bows
 + Level 5.9 Crossbows
 + Level 5.9 Throwing
 + Level 7.5 Armour
 + Level 6.5 Dodging
 + Level 5.9 Stealth
 + Level 5.9 Shields
 + Level 5.9 Unarmed Combat
 + Level 5.9 Spellcasting
 + Level 4.9 Conjurations
 + Level 4.9 Hexes
 + Level 4.9 Summonings
 + Level 4.9 Necromancy
 + Level 4.9 Translocations
 + Level 4.9 Transmutations
 + Level 4.9 Fire Magic
 + Level 4.9 Ice Magic
 + Level 4.9 Air Magic
 + Level 4.9 Earth Magic
 + Level 4.9 Poison Magic
 + Level 8.0 Invocations
 + Level 5.9 Evocations


You had 21 spell levels left.
You didn't know any spells.
Your spell library contained the following spells:

 Spells                   Type           Power      Damage    Failure   Level
 Freeze                   Ice            56%        1d7       78%         1
 Sandblast                Erth           28%        2d8       78%         1
 Corpse Rot               Necr/Air       N/A        N/A       89%         2
 Passwall                 Tmut/Erth      11%        N/A       89%         2
 Poisonous Vapours        Pois/Air       28%        N/A       89%         2
 Frozen Ramparts          Ice            28%        1d4       98%         3
 Stone Arrow              Conj/Erth      28%        3d8       98%         3
 Hailstorm                Conj/Ice       14%        3d5       100%        4
 Summon Lightning Spire   Summ/Air       14%        N/A       100%        4
 Storm Form               Tmut/Air       7%         N/A       100%        7
 Maxwell's Capacitive Co  Air            7%         ∞         100%        8


Dungeon Overview and Level Annotations

Branches:
Dungeon (9/15)             Temple (0/1) D:5
   Lair: D:8-11         Orc: D:9-12

Altars:
Gozag
Nemelex Xobeh
Trog
Lugonu

Shops:
D:1 !   D:5 !

Portals:
Abyss: D:3

Annotations:
D:4 1 runed translucent door, RichitheSlayer's ghost, amateur OgFi
Abyss:1 Maggie


Innate Abilities, Weirdness & Mutations

You have very sharp teeth.
Your uncanny sense of smell can sniff out nearby items.
Your experience applies equally to all skills.
Armour fits poorly on your strangely shaped body.
Potions are less effective at restoring your health.


Message History

You hear a shout!
You hear a shout!
An ogre comes into view. It is wielding a +0 giant club.
An ogre is nearby!
An ogre is nearby!
An ogre is nearby!
The ogre hits you with a +0 giant club.
You hit the ogre.
The ogre is lightly wounded.
You hit the ogre but do no damage.
The ogre is poisoned.
The ogre is lightly wounded.
The ogre hits you with a +0 giant club!
Your plate armour prevents you from hitting the ogre.
The ogre is lightly wounded.
You hit the ogre.
The ogre looks as sick as possible!
The ogre is moderately wounded.
An ogre comes into view. It is wielding a +0 giant club.
The ogre hits you with a +0 giant club!!
You hit the ogre.
The ogre is severely wounded.
The ogre barely misses you.
You hit the ogre. You bite the ogre, but do no damage.
The ogre is almost dead.
You hit the ogre.
You kill the ogre!
Lugonu accepts your kill.
The ogre hits you with a +0 giant club!!
* * * LOW HITPOINT WARNING * * *
You barely miss the ogre. The ogre hits you with a +0 giant club!
* * * LOW HITPOINT WARNING * * *
You hit the ogre.
The ogre is poisoned.
The ogre is lightly wounded.
You hit the ogre.
The ogre looks as sick as possible!
The ogre is moderately wounded.
The ogre hits you with a +0 giant club!
* * * LOW HITPOINT WARNING * * *
Unknown command.
Your system partially rejects the healing.
You feel better. The ogre hits you with a +0 giant club!
You die...

#. ##..# ∆ . #.
#..### # ##..>#
##..# ..... ##
###)###.... .#.
#)).#... #)#
#..(#.P# #O#
#...#..# #@#
#''##..#
#)###......#+##.≈
#P.##............
##P.#............
#♣...............
♣.♣.P....#+##....
♣♣..P.P..# [.. ∆
♣P♣......# ...
♣♣[......####..


You could see an ogre (extremely poisoned).

Vanquished Creatures
  Erica (D:8)
  Pikel (D:4)
  A shining eye (D:9)
  2 wyverns
  Sigmund (D:2)
  A steam dragon (D:9)
  A water moccasin (D:7)
  A black bear (D:4)
  An orc warrior (D:9)
  2 sky beasts
  2 ice beasts (D:4)
  2 necrophages (D:8)
  7 ogres
  3 centaurs
  A lemure (D:4)
  A kobold brigand (D:9)
  Blork the orc (D:5)
  A bullfrog (D:8)
  3 scorpions
  A water moccasin skeleton (D:7)
  5 killer bees (D:9)
  4 wights (D:8)
  5 howler monkeys
  3 jellies
  2 hounds
  5 orc priests
  A centaur skeleton (D:5)
  A gnoll shaman (D:9)
  Jessica (D:2)
  A bullfrog skeleton (D:6)
  4 iguanas
  9 orc wizards
  A howler monkey zombie (D:5)
  Robin (D:2)
  6 gnolls
  2 howler monkey skeletons
  6 adders
  2 white imps
  An ufetubus (D:3)
  2 worms (D:3)
  A dart slug (D:2)
  33 orcs
  7 ball pythons
  3 bats
  4 endoplasms
  6 giant cockroaches
  17 goblins
  8 hobgoblins
  6 jackals
  14 kobolds
  4 quokkas
  3 frilled lizards (D:3)
  5 rats
207 creatures vanquished.

Vanquished Creatures (others)
  5 fungi (D:9)
  A plant (D:9)
  4 toadstools (D:1)
10 creatures vanquished.

Grand Total: 217 creatures vanquished

Notes
Turn   | Place    | Note
-------+----------+-------------------------------------------
     0 | Abyss:1  | Gargoyl the Gnoll Abyssal Knight began the quest for the
                  | Orb.
     0 | Abyss:1  | Reached XP level 1. HP: 23/23 MP: 3/3
    39 | Abyss:1  | Noticed a large abomination
    41 | Abyss:1  | Noticed a hellwing
   106 | Abyss:3  | Noticed an ancient zyme
   108 | Abyss:3  | Noticed a raiju
   109 | Abyss:3  | Noticed a raiju
   110 | Abyss:3  | Noticed a raiju
   112 | D:1      | Escaped the Abyss
   800 | D:1      | Reached XP level 2. HP: 29/29 MP: 5/5
   876 | D:1      | Reached * piety under Lugonu
   950 | D:1      | Found Tesen's Distillery.
   958 | D:1      | Bought a potion of curing for 30 gold pieces
   958 | D:1      | Bought a potion of curing for 30 gold pieces
  1108 | D:2      | Reached XP level 3. HP: 35/35 MP: 6/6
  1260 | D:2      | Found a faded altar of an unknown god.
  1433 | D:2      | Noticed Robin
  1435 | D:2      | Noticed Sigmund
  1454 | D:2      | Killed Robin
  1455 | D:2      | Reached skill level 1 in Short Blades
  1455 | D:2      | Reached skill level 1 in Long Blades
  1455 | D:2      | Reached skill level 1 in Maces & Flails
  1455 | D:2      | Reached skill level 1 in Polearms
  1455 | D:2      | Reached skill level 1 in Staves
  1455 | D:2      | Reached skill level 1 in Slings
  1455 | D:2      | Reached skill level 1 in Bows
  1455 | D:2      | Reached skill level 1 in Crossbows
  1455 | D:2      | Reached skill level 1 in Throwing
  1455 | D:2      | Reached skill level 1 in Stealth
  1455 | D:2      | Reached skill level 1 in Shields
  1455 | D:2      | Reached skill level 1 in Unarmed Combat
  1455 | D:2      | Reached skill level 1 in Spellcasting
  1455 | D:2      | Reached skill level 1 in Evocations
  1455 | D:2      | Reached XP level 4. HP: 35/41 MP: 7/7
  1478 | D:2      | Killed Sigmund
  1479 | D:2      | Reached skill level 1 in Conjurations
  1479 | D:2      | Reached skill level 1 in Hexes
  1479 | D:2      | Reached skill level 1 in Summonings
  1479 | D:2      | Reached skill level 1 in Necromancy
  1479 | D:2      | Reached skill level 1 in Translocations
  1479 | D:2      | Reached skill level 1 in Transmutations
  1479 | D:2      | Reached skill level 1 in Fire Magic
  1479 | D:2      | Reached skill level 1 in Ice Magic
  1479 | D:2      | Reached skill level 1 in Air Magic
  1479 | D:2      | Reached skill level 1 in Earth Magic
  1479 | D:2      | Reached skill level 1 in Poison Magic
  1479 | D:2      | Reached XP level 5. HP: 10/47 MP: 8/8
  1802 | D:2      | Noticed Jessica
  1810 | D:2      | Killed Jessica
  1811 | D:2      | Reached skill level 5 in Invocations
  1811 | D:2      | Reached XP level 6. HP: 23/53 MP: 9/9
  2583 | D:2      | Reached skill level 5 in Axes
  2583 | D:2      | Reached skill level 5 in Armour
  3037 | D:3      | Reached ** piety under Lugonu
  3605 | D:3      | Found a large runed translucent door.
  3606 | D:3      | Found a large runed translucent door.
  3606 | D:3      | Found a corrupted altar of Lugonu.
  3616 | D:3      | Reached XP level 7. HP: 59/59 MP: 10/10
  3621 | D:3      | Cast into level 1 of the Abyss (kobold)
  3664 | Abyss:1  | Found a corrupted altar of Lugonu.
  3689 | Abyss:1  | Noticed a mad acolyte of Lugonu
  3689 | Abyss:1  | Noticed a will-o-the-wisp
  3690 | D:3      | Escaped the Abyss
  3777 | D:3      | Found a one-way gate to the infinite horrors of the Abyss.
  4521 | D:4      | Noticed Pikel
  4549 | D:4      | Killed Pikel
  4550 | D:4      | Reached XP level 8. HP: 16/67 MP: 12/12
  4869 | D:4      | Found a runed translucent door.
  5143 | D:4      | Noticed RichitheSlayer's ghost (amateur OgFi)
  5419 | D:4      | You fall into a shaft and drop 2 floors!
  5424 | D:5      | Entered Level 5 of the Dungeon
  5433 | D:5      | Found a bloodstained altar of Trog.
  5633 | D:5      | Found Jior's Distillery.
  5636 | D:5      | Bought a potion of curing for 42 gold pieces
  5737 | D:5      | Noticed Blork the orc
  6310 | D:5      | Found a staircase to the Ecumenical Temple.
  6333 | D:5      | Reached *** piety under Lugonu
  6334 | D:5      | Reached XP level 9. HP: 27/72 MP: 14/14
  6377 | D:4      | HP: 2/72 [ice beast (7)]
  7507 | D:5      | Killed Blork the orc
  7551 | D:6      | Reached skill level 5 in Dodging
  8110 | D:6      | Found an opulent altar of Gozag.
  8112 | D:6      | Found a sparkling altar of Nemelex Xobeh.
  8483 | D:7      | Noticed Maggie
  9459 | D:7      | Banished Maggie
  9460 | D:7      | Reached XP level 10. HP: 37/80 MP: 12/17
 10028 | D:8      | Noticed a two-headed ogre
 10029 | D:8      | Banished a two-headed ogre
 10030 | D:8      | Reached skill level 5 in Short Blades
 10030 | D:8      | Reached skill level 5 in Long Blades
 10030 | D:8      | Reached skill level 5 in Maces & Flails
 10030 | D:8      | Reached skill level 5 in Polearms
 10030 | D:8      | Reached skill level 5 in Staves
 10030 | D:8      | Reached skill level 5 in Slings
 10030 | D:8      | Reached skill level 5 in Bows
 10030 | D:8      | Reached skill level 5 in Crossbows
 10030 | D:8      | Reached skill level 5 in Throwing
 10030 | D:8      | Reached skill level 5 in Stealth
 10030 | D:8      | Reached skill level 5 in Shields
 10030 | D:8      | Reached skill level 5 in Unarmed Combat
 10030 | D:8      | Reached skill level 5 in Spellcasting
 10030 | D:8      | Reached skill level 5 in Evocations
 10580 | D:8      | Noticed Erica
 10619 | D:8      | Killed Erica
 12053 | D:9      | Noticed a two-headed ogre
 12070 | D:9      | Noticed a shining eye
 12070 | D:9      | a two-headed ogre changed into a shining eye
 12075 | D:9      | Gained mutation: Your muscles are strong. (Str +2) [a
                  | shining eye]
 12077 | D:9      | Lost mutation: Your muscles are strong. (Str +2) [a shining
                  | eye]
 12079 | D:9      | Gained mutation: Armour fits poorly on your strangely
                  | shaped body. [a shining eye]
 12081 | D:9      | Gained mutation: Potions are less effective at restoring
                  | your health. [a shining eye]
 12085 | D:9      | Killed a shining eye
 12086 | D:9      | Reached XP level 11. HP: 49/87 MP: 19/19
 12324 | D:9      | Reached **** piety under Lugonu
 12571 | D:9      | HP: 2/87 [ogre (13)]
 12573 | D:9      | Mangled by an ogre

Illustrated notes

Levels and vault maps discovered:
D:1:      ldierk_water_garden, layout_rooms, serial_shops, shop,
          minmay_worlds_worst_comb
D:2:      layout_basic, hellmonk_ecumenical_altar_leap_of_faith, hex_tiny,
          uniq_jessica, uniq_robin, uniq_sigmund
D:3:      due_chaos_kobolds, layout_basic, roderic_nine_men_s_morris
D:4:      layout_basic, ebering_ghost_inner_flame, uniq_pikel
D:5:      layout_gridville, nicolae_overflow_hidden_temple,
          minmay_temple_entry_ruins, serial_shops, kennysheep_mini_moat,
          uniq_blork_the_orc
D:6:      layout_loops_ring, grunt_temple_overflow_opulence,
          kennysheep_decorative_pillar
D:7:      layout_rooms, uniq_maggie
D:8:      layout_loops_ring, uniq_erica
D:9:      kennysheep_seaside_town, layout_loops_ring, minitemple

Skill      XL: |  1  2  3  4  5  6  7  8  9 10 |
---------------+-------------------------------+-----
Short Blades   | 1 2 3 4 5 |  5.9
Long Blades    | 1 2 3 4 5 |  5.9
Maces & Flails | 1 2 3 4 5 |  5.9
Polearms       | 1 2 3 4 5 |  5.9
Staves         | 1 2 3 4 5 |  5.9
Slings         | 1 2 3 4 5 |  5.9
Bows           | 1 2 3 4 5 |  5.9
Crossbows      | 1 2 3 4 5 |  5.9
Throwing       | 1 2 3 4 5 |  5.9
Stealth        | 1 2 3 4 5 |  5.9
Shields        | 1 2 3 4 5 |  5.9
Unarmed Combat | 1 2 3 4 5 |  5.9
Spellcasting   | 1 2 3 4 5 |  5.9
Evocations     | 1 2 3 4 5 |  5.9
Dodging        | 3 4 5 6 |  6.5
Conjurations   | 1 2 3 4 |  4.9
Hexes          | 1 2 3 4 |  4.9
Summonings     | 1 2 3 4 |  4.9
Necromancy     | 1 2 3 4 |  4.9
Translocations | 1 2 3 4 |  4.9
Transmutations | 1 2 3 4 |  4.9
Fire Magic     | 1 2 3 4 |  4.9
Ice Magic      | 1 2 3 4 |  4.9
Air Magic      | 1 2 3 4 |  4.9
Earth Magic    | 1 2 3 4 |  4.9
Poison Magic   | 1 2 3 4 |  4.9
Invocations    | 5 6 7 8 |  8.0
Axes           | 5 6 7 |  7.5
Armour         | 5 6 7 |  7.5
Fighting       | 7 8 |  8.9

Action                   |  1- 3 |  4- 6 |  7- 9 | 10-12 || total
-------------------------+-------+-------+-------+-------++-------
Melee: Hand axe          |    84 |    27 |    65 |    33 ||   209
       Bite              |     5 |    15 |    62 |    27 ||   109
       Dagger            |       |   112 |   431 |   255 ||   798
       Punch             |       |       |     7 |     7 ||    14
Invok: Depart the Abyss  |     1 |       |     1 |       ||     2
       Banish            |       |       |     2 |     2 ||     4
       Bend Space        |       |       |     1 |       ||     1
Evoke: Wand              |       |       |     1 |     1 ||     2
  Use: Potion            |     3 |     2 |     6 |     4 ||    15
       Scroll            |     3 |     2 |     8 |     1 ||    14
Armor: Chain mail        |    66 |    57 |   203 |       ||   326
       Plate armour      |       |       |    75 |   121 ||   196
       Skin              |       |       |       |    33 ||    33
Dodge: Dodged            |    26 |    37 |   172 |    43 ||   278

Table legend: (Time is in decaauts)
 A = Elapsed time spent in this place.
 B = Non-inter-level travel time spent in this place.
 C = Inter-level travel time spent in this place.
 D = Time resting spent in this place.
 E = Time spent auto-exploring this place.
 F = Levels seen in this place.
 G = Mean time per level.
                   A        B        C        D        E       F      G
               +--------+--------+--------+--------+--------+-----+--------+
         Total |  12372 |  12215 |    157 |   1784 |   8198 |  13 |  951.7 |
       Dungeon |  12209 |  12052 |    157 |   1784 |   8078 |   9 | 1356.6 |
         Abyss |    162 |    162 |      0 |      0 |    119 |   4 |   40.5 |
               +--------+--------+--------+--------+--------+-----+--------+

Top non-repeatable levels by time:
     D:4: 1901 daAuts
     D:2: 1683 daAuts
     D:8: 1634 daAuts
     D:3: 1452 daAuts
     D:5: 1273 daAuts
     D:9: 1150 daAuts
     D:7: 1115 daAuts
     D:6: 1003 daAuts
     D:1: 994 daAuts
 Abyss:1: 110 daAuts
 Abyss:3: 45 daAuts
 Abyss:2: 6 daAuts
